 Dungeon Sprint DCSS version 0.31-a0-18-gea43df2a32 (webtiles) character file.

Game seed: 8295491778046515927

5716 sircluck the Brawler (level 10, -1/88 HPs)
             Began as a Troll Berserker on May 10, 2023.
             Was a High Priest of Trog.
             Slain by a centaur warrior (11 damage)
             ... while paralysed
             ... in the Dungeon (Sprint I: "Red Sonja").
             The game lasted 00:03:02 (537 turns).

sircluck the Brawler (Troll Berserker)               Turns: 537, Time: 00:03:02

Health: -1/88      AC:  5    Str: 29 (31) XL:     10   Next: 48%
Magic:  8/8        EV:  1    Int:  0 (1)  God:    Trog [*****.]
Gold:   228        SH:  0    Dex:  9      Spells: 9/9 levels left

rFire   . .          .
                       - Unarmed
rCold   . . .        (no shield)
rNeg    . . .        a - +0 animal skin
rPois   .            i - +2 hat
rElec   .            (no cloak)
rCorr   .            (gloves unavailable)
SInv    .            (boots unavailable)
Will    .....        m - amulet of regeneration
Stlth   +            (no ring)
HPRegen 1.94/turn    (no ring)
MPRegen 0.11/turn

%: no teleportation
@: paralysed, slowed, lost intelligence, unable to read
A: large, unfitting armour, claws 3, regeneration 1, shaggy fur 1, tough skin 1,
deformed body, deterioration 2, dopey 1, frail 2, low MP 1, inability to read
after injury 1
a: Renounce Religion, Berserk, Trog's Hand, Brothers in Arms


You were in the Dungeon.
You worshipped Trog.
Trog was extremely pleased with you.
You visited 1 branch You collected 872 gold pieces.
You spent 644 gold pieces at shops.

Inventory:

Missiles
 l - 4 curare-tipped darts (quivered)
Armour
 a - a +0 animal skin (worn)
 i - a +2 hat (worn)
Jewellery
 m - an amulet of regeneration (around neck)
Wands
 h - a wand of digging (1)
Scrolls
 g - a scroll of blinking
 j - a scroll of fear {unknown}
 k - a scroll of enchant weapon {unknown}
Potions
 b - 6 potions of curing
 c - a potion of heal wounds
 d - a potion of haste
 e - 2 potions of magic
 f - a potion of berserk rage


   Skills:
 + Level 10.8 Fighting
 + Level 11.6 Dodging
 + Level 1.1 Stealth
 + Level 17.5 Unarmed Combat


You had 9 spell levels left.
You didn't know any spells.
Your spell library was empty.

Dungeon Overview and Level Annotations

Branches:
Dungeon (1/1)

Altars:
Cheibriados
Dithmenos
Elyvilon
Fedhas
Gozag
Hepliaklqana
Kikubaaqudgha
Makhleb
Nemelex Xobeh
Okawaru
Qazlal
Ru
Sif Muna
Trog
Uskayaw
Vehumet
Wu Jian
Xom
Yredelemnul
Zin
The Shining One
Jiyva
Lugonu

Shops:
D =[:[[*


Innate Abilities, Weirdness & Mutations

You are too large for most types of armour.
You have claws for hands.
Your natural rate of healing is unusually fast.
You are covered in fur. (AC +1)
You have tough skin. (AC +1)
Armour fits poorly on your strangely shaped body.
Your body often deteriorates upon taking damage.
You are dopey. (Int -2)
You are very frail. (-20% HP)
Your magical capacity is low. (-10% MP)
You occasionally lose the ability to read scrolls when taking damage.


Message History

The centaur warrior barely misses you.
You closely miss the centaur warrior. The centaur warrior misses you.
The centaur warrior kicks you. The centaur warrior misses you.
The centaur warrior kicks you but does no damage.
You claw the centaur warrior! You claw the centaur warrior.
The centaur warrior is moderately wounded.
The centaur warrior hits you! The centaur warrior kicks you.
The centaur warrior hits you.
The centaur warrior kicks you but does no damage.
You closely miss the centaur warrior.
You claw the centaur warrior, but do no damage.
The centaur warrior is moderately wounded.
The centaur warrior hits you but does no damage.
The centaur warrior kicks you but does no damage.
The centaur warrior barely misses you. x2
Found a scroll labelled UMOC RAQIAW and an encrusted glass wand.
You mangle the centaur warrior!! You claw the centaur warrior!
The centaur warrior is almost dead.
The centaur warrior hits you but does no damage.
The centaur warrior closely misses you. The centaur warrior hits you!
Your body deteriorates!
You feel dopey.
You have lost your intelligence.
The centaur warrior kicks you. The centaur warrior hits you!
The centaur warrior kicks you but does no damage.
The centaur warrior hits you.
The centaur warrior kicks you but does no damage.
The centaur warrior hits you!
The centaur warrior kicks you but does no damage.
The centaur warrior hits you but does no damage.
The centaur warrior kicks you but does no damage.
The centaur warrior hits you!
You feel threatened and lose the ability to read scrolls!
* * * LOW HITPOINT WARNING * * *
Your body deteriorates!
You feel weakened.
The centaur warrior kicks you but does no damage.
The centaur warrior hits you!
* * * LOW HITPOINT WARNING * * *
The centaur warrior kicks you but does no damage.
The centaur warrior hits you!
You die...

######################
..)..#..'..#__#..')..#
..#..').#..'..'..#)..#
####'#####'#__####...+
###..#...#.####/?#####
__####..##)#§§~§§#
_____##'#_.+§§§§§+
_.∩...÷).._#~§~cc#
_..__##_.#'##+##@#
_____###'#[#..§§##
########.####'###
......'...'.....+
'''####...#######
....####.###
.....#.#'#.#
.....#.....#
)....#.....#


You could see 2 centaur warriors.

Vanquished Creatures
  Sonja (D)
  A deep troll (D)
  8 shining eyes (D)
  2 kobold demonologists (D)
  Sigmund (D)
  A slime creature (D)
  A yak (D)
  5 floating eyes (D)
  An ogre (D)
  A jelly (D)
  Ijyb (D)
23 creatures vanquished.

Vanquished Creatures (others)
  2 ballistomycete spores (D)
2 creatures vanquished.

Grand Total: 25 creatures vanquished

Notes
Turn   | Place    | Note
-------+----------+-------------------------------------------
     0 | D        | sircluck the Troll Berserker began the quest for the Orb.
     0 | D        | Reached XP level 1. HP: 22/22 MP: 0/0
     2 | D        | Noticed Ijyb
     6 | D        | Killed Ijyb
     7 | D        | Reached skill level 4 in Unarmed Combat
     7 | D        | Reached XP level 2. HP: 31/31 MP: 1/1
    44 | D        | Noticed an ogre
    49 | D        | Killed an ogre
    50 | D        | Reached skill level 6 in Unarmed Combat
    50 | D        | Reached XP level 3. HP: 41/41 MP: 2/2
    50 | D        | Reached XP level 4. HP: 49/49 MP: 3/3
    69 | D        | Noticed Sigmund
    78 | D        | Killed Sigmund
    78 | D        | Reached ** piety under Trog
    79 | D        | Reached skill level 8 in Unarmed Combat
    79 | D        | Reached XP level 5. HP: 51/61 MP: 4/4
    79 | D        | Reached XP level 6. HP: 57/68 MP: 5/5
    99 | D        | Found an ornate altar of the Wu Jian Council.
    99 | D        | Found a shimmering blue altar of Sif Muna.
   101 | D        | Found a radiant altar of Vehumet.
   122 | D        | Found a burning altar of Makhleb.
   122 | D        | Found a viscous altar of Jiyva.
   122 | D        | Found a shimmering altar of Xom.
   122 | D        | Found a corrupted altar of Lugonu.
   122 | D        | Noticed a slime creature
   129 | D        | Killed a slime creature
   130 | D        | Reached skill level 9 in Unarmed Combat
   164 | D        | Found Okesm's Antique Armour Emporium.
   164 | D        | Found an ancient bone altar of Kikubaaqudgha.
   164 | D        | Found a hazy altar of Hepliaklqana.
   164 | D        | Found a stormy altar of Qazlal.
   164 | D        | Found a hide-covered altar of Uskayaw.
   164 | D        | Found a blossoming altar of Fedhas.
   164 | D        | Found a bloodstained altar of Trog.
   164 | D        | Found an iron altar of Okawaru.
   164 | D        | Found a basalt altar of Yredelemnul.
   164 | D        | Found a glowing golden altar of the Shining One.
   164 | D        | Found a snail-covered altar of Cheibriados.
   164 | D        | Found a sacrificial altar of Ru.
   164 | D        | Found a glowing silver altar of Zin.
   164 | D        | Found a shadowy altar of Dithmenos.
   164 | D        | Found a white marble altar of Elyvilon.
   164 | D        | Noticed a yak
   168 | D        | Killed a yak
   168 | D        | Reached *** piety under Trog
   169 | D        | Reached skill level 10 in Unarmed Combat
   169 | D        | Reached XP level 7. HP: 69/78 MP: 6/6
   169 | D        | Found an opulent altar of Gozag.
   170 | D        | Found a sparkling altar of Nemelex Xobeh.
   174 | D        | Bought an embroidered hat for 224 gold pieces
   203 | D        | Noticed a kobold demonologist
   204 | D        | Noticed a kobold demonologist
   204 | D        | Paralysed by a floating eye for 2 turns
   210 | D        | Killed a kobold demonologist
   211 | D        | Reached skill level 11 in Unarmed Combat
   221 | D        | Killed a kobold demonologist
   221 | D        | Reached **** piety under Trog
   222 | D        | Reached skill level 12 in Unarmed Combat
   222 | D        | Reached XP level 8. HP: 78/89 MP: 7/7
   238 | D        | Noticed Sonja
   246 | D        | Killed Sonja
   247 | D        | Reached skill level 13 in Unarmed Combat
   350 | D        | Found Guzarr's Jewellery Boutique.
   358 | D        | Bought an amulet of regeneration for 420 gold pieces
   364 | D        | Noticed a shining eye
   364 | D        | Noticed a shining eye
   364 | D        | Noticed a shining eye
   365 | D        | Paralysed by a floating eye for 4 turns
   371 | D        | Gained mutation: You are dopey. (Int -2) [a shining eye]
   374 | D        | Killed a shining eye
   374 | D        | Gained mutation: Armour fits poorly on your strangely
                  | shaped body. [a shining eye]
   374 | D        | Paralysed by a floating eye for 4 turns
   375 | D        | Reached skill level 14 in Unarmed Combat
   375 | D        | Reached XP level 9. HP: 101/101 MP: 8/8
   381 | D        | Gained mutation: You occasionally lose the ability to read
                  | scrolls when taking damage. [a shining eye]
   382 | D        | Killed a shining eye
   383 | D        | Reached skill level 10 in Fighting
   383 | D        | Reached skill level 10 in Dodging
   385 | D        | Noticed a shining eye
   385 | D        | Noticed a shining eye
   387 | D        | Noticed a shining eye
   388 | D        | Paralysed by a floating eye for 3 turns
   392 | D        | Killed a shining eye
   392 | D        | Reached ***** piety under Trog
   393 | D        | Reached skill level 15 in Unarmed Combat
   394 | D        | Killed a shining eye
   394 | D        | Gained mutation: You are frail. (-10% HP) [a shining eye]
   396 | D        | Killed a shining eye
   397 | D        | Reached XP level 10. HP: 99/99 MP: 9/9
   399 | D        | Reached skill level 16 in Unarmed Combat
   400 | D        | Noticed a shining eye
   400 | D        | Noticed a shining eye
   400 | D        | Gained mutation: Your body sometimes deteriorates upon
                  | taking damage. [a shining eye]
   402 | D        | Killed a shining eye
   403 | D        | Gained mutation: Your body often deteriorates upon taking
                  | damage. [a shining eye]
   405 | D        | Gained mutation: You are very frail. (-20% HP) [a shining
                  | eye]
   405 | D        | Gained mutation: Your magical capacity is low. (-10% MP) [a
                  | shining eye]
   410 | D        | Killed a shining eye
   411 | D        | Reached skill level 1 in Stealth
   415 | D        | Killed a shining eye
   415 | D        | Received a gift from Trog
   416 | D        | Reached skill level 17 in Unarmed Combat
   420 | D        | Found Amoqim's Armour Shoppe.
   420 | D        | Found Fodaelaobb's Armour Shop.
   420 | D        | Found Liekk's Book Emporium.
   420 | D        | Found Sallah's General Store.
   472 | D        | Noticed a deep troll
   479 | D        | Killed a deep troll
   529 | D        | Noticed a centaur warrior
   529 | D        | Noticed a centaur warrior
   534 | D        | Lost intelligence.
   537 | D        | Slain by a centaur warrior

Illustrated notes

Levels and vault maps discovered:
D:        dungeon_sprint_1 [red_sonja_temple_1, red_sonja_temple_small_1]

Skill      XL: |  1  2  3  4  5  6  7  8  9 10 |
---------------+-------------------------------+-----
Fighting       | 3 4 6 7 8 9 10 | 10.8
Dodging        | 3 4 6 7 8 9 10 11 | 11.6
Unarmed Combat | 4 6 8 10 12 14 15 17 | 17.5
Stealth        | 1 |  1.1

Action                     |  1- 3 |  4- 6 |  7- 9 | 10-12 || total
---------------------------+-------+-------+-------+-------++-------
  Melee: Unarmed           |     7 |    19 |    38 |    21 ||    85
         Punch             |       |     2 |     2 |     4 ||     8
  Throw: Dart              |       |       |       |     1 ||     1
 Invoke: Berserk           |     2 |       |     1 |     1 ||     4
         Brothers in Arms  |       |       |     1 |       ||     1
  Evoke: Wand              |       |       |       |     1 ||     1
 Armour: Animal skin       |       |     2 |    10 |    13 ||    25
  Dodge: Dodged            |     2 |     7 |    35 |     8 ||    52

Table legend: (Time is in decaauts)
 A = Elapsed time spent in this place.
 B = Non-inter-level travel time spent in this place.
 C = Inter-level travel time spent in this place.
 D = Time resting spent in this place.
 E = Time spent auto-exploring this place.
 F = Levels seen in this place.
 G = Mean time per level.
                   A        B        C        D        E       F      G
               +--------+--------+--------+--------+--------+-----+--------+
         Total |    550 |    508 |     42 |     92 |     91 |   1 |  550.0 |
       Dungeon |    550 |    508 |     42 |     92 |     91 |   1 |  550.0 |
               +--------+--------+--------+--------+--------+-----+--------+

Top non-repeatable levels by time:
       D: 550 daAuts
